cohdb
Replays
Latest Replays
All Replays
Popular Replays
Top Player Replays
Match Explorer
How It Works
Community
CoH3 Stats
Reddit
Sign in to upload your games and track your stats! →
Sign in with Steam
Match 42515372
Unlisted
Match 42515372
Overview
Messages
Build Orders
End
Royal Engineer Section
Construct Section Command Post
Selects Canadian Shock Battlegroup
Infantry Section
Infantry Section
Grenade Package
Construct Field Infirmary
Selects Attacking Spirit
Selects Canadian Shock Section
Canadian Shock Section
Construct Platoon Command Post
Humber Armored Car
Selects Incendiary Munitions
Construct Company Command Post
6-pounder Anti-tank Gun Team
Selects Pyrotechnics
Crusader II Medium Tank
qZeto
BIOHAZARD
Gorgolo
Faenor
Don tyr
HolyMolyEmpire
0
0
Comments
sign in to comment!
No comments posted yet!